 Dungeon Crawl Stone Soup version 0.29-a0-275-g389c0b56f3 (webtiles) character file.

Game seed: 5798426090559556613

25 Cecur the Shield-Bearer (level 3, 0/29 HPs)
             Began as a Formicid Fighter on Mar 10, 2022.
             Was a Follower of Wu Jian.
             Frozen to death by an endoplasm (4 damage)
             ... on level 2 of the Dungeon.
             The game lasted 00:00:48 (1045 turns).

Cecur the Shield-Bearer (Formicid Fighter)          Turns: 1045, Time: 00:00:48

Health: 0/29       AC:  6    Str: 22    XL:     3   Next: 17%
Magic:  3/3        EV:  9    Int:  7    God:    Wu Jian [*.....]
Gold:   46         SH:  4    Dex: 10    Spells: 2/2 levels left

rFire   . . .      SeeInvis +   a - +0 trident
rCold   . . .      Faith    .   c - +0 buckler
rNeg    . . .      Spirit   .   b - +0 scale mail
rPois   .          Reflect  .   (helmet unavailable)
rElec   .          Harm     .   (no cloak)
rCorr   .          Rampage  .   (no gloves)
Will    .....                   (no boots)
Stlth   ..........              (no amulet)
HPRegen 0.09/turn               (no ring)
MPRegen 0.08/turn               (no ring)

@: no status effects
A: permanent stasis, dig shafts and tunnels, antennae 3, four strong arms
a: Dig, Shaft Self, Renounce Religion


You were on level 2 of the Dungeon.
You worshipped Wu Jian.
Wu Jian was aware of your devotion.
You visited 1 branch of the dungeon, and saw 2 of its levels.

You collected 46 gold pieces.

Inventory:

Hand Weapons
 a - a +0 trident (weapon)
Armour
 b - a +0 scale mail (worn)
 c - a +0 buckler (worn)
 g - a +0 cloak
Scrolls
 h - a scroll of teleportation {unknown}
 i - a scroll of torment {unknown}
 j - a scroll of fear {unknown}
Potions
 d - 2 potions of might
 e - a potion of cancellation {unknown}
 f - 2 potions of flight {unknown}


   Skills:
 + Level 3.6 Fighting
 + Level 2.4 Polearms
 + Level 3.6 Armour
 + Level 3.9 Shields


You had 2 spell levels left.
You didn't know any spells.
Your spell library was empty.

Dungeon Overview and Level Annotations

Branches:
Dungeon (2/15)

Altars:
Wu Jian


Innate Abilities, Weirdness & Mutations

You cannot be hasted, slowed, berserked, paralysed or teleported.
You can dig through walls and to a lower floor.
You have a pair of large antennae on your head. (SInv)
Your four strong arms can wield two-handed weapons with a shield.


Message History

The quokka closely misses you. The quokka barely misses you.
The quokka bites you.
The quokka bites you but does no damage.
The quokka bites you. The quokka misses you. The quokka bites you.
The quokka misses you. The quokka closely misses you.
The quokka bites you but does no damage.
The quokka barely misses you.
The quokka bites you but does no damage.
You block the quokka's attack. You block the quokka's attack.
The quokka bites you but does no damage.
The quokka closely misses you. You block the quokka's attack.
The quokka bites you but does no damage.
An endoplasm comes into view.
The endoplasm quivers.
The quokka twitches its whiskers.
The quokka barely misses you.
The quokka bites you but does no damage.
The quokka bites you but does no damage. x2
The quokka bites you.
The quokka bites you but does no damage.
You block the quokka's attack.
The quokka bites you but does no damage.
The endoplasm barely misses you.
The quokka bites you but does no damage.
The endoplasm freezes you.
You are frozen.
The quokka closely misses you. The quokka bites you. The endoplasm freezes you.
You are frozen.
* * * LOW HITPOINT WARNING * * *
You block the quokka's attack. The endoplasm closely misses you.
The quokka barely misses you. The endoplasm freezes you.
You are frozen.
You die...

########
##......#
.......#
...>.<#
#....#
#....#
#...r#
#...@#
#....#J##
#.# #. #.
#. #. #.
#.


You could see an endoplasm and a quokka.

Vanquished Creatures
  4 bats (D:1)
  3 endoplasms (D:1)
  A giant cockroach (D:1)
  6 goblins (D:1)
  2 hobgoblins (D:1)
  3 kobolds (D:1)
  A ball python (D:1)
  A rat (D:1)
21 creatures vanquished.

Notes
Turn   | Place    | Note
-------+----------+-------------------------------------------
     0 | D:1      | Cecur the Formicid Fighter began the quest for the Orb.
     0 | D:1      | Reached XP level 1. HP: 18/18 MP: 1/1
   132 | D:1      | Reached XP level 2. HP: 24/24 MP: 2/2
   476 | D:1      | Reached XP level 3. HP: 28/29 MP: 3/3
   812 | D:1      | Found a faded altar of an unknown god.
   819 | D:1      | Prayed at the altar of an unknown god.
   819 | D:1      | Became a worshipper of the Wu Jian Council
   819 | D:1      | Reached * piety under Wu Jian
  1045 | D:2      | Frozen to death by an endoplasm

Illustrated notes

Levels and vault maps discovered:
D:1:      lemuel_arrival_funnel, layout_loops_ring,
          dilly_ecumenical_altar_fadedgnrine, st_stairs_7
D:2:      layout_basic, serial_shops, shop, basic_altar

Action                   || total
-------------------------++-------
Melee: Trident           ||    56
Armor: Scale mail        ||    49
Dodge: Dodged            ||    35
Block: Buckler           ||    22

Table legend: (Time is in decaauts)
 A = Elapsed time spent in this place.
 B = Non-inter-level travel time spent in this place.
 C = Inter-level travel time spent in this place.
 D = Time resting spent in this place.
 E = Time spent auto-exploring this place.
 F = Levels seen in this place.
 G = Mean time per level.
                   A        B        C        D        E       F      G
               +--------+--------+--------+--------+--------+-----+--------+
         Total |   1057 |   1011 |     46 |      0 |    829 |   2 |  528.5 |
       Dungeon |   1057 |   1011 |     46 |      0 |    829 |   2 |  528.5 |
               +--------+--------+--------+--------+--------+-----+--------+

Top non-repeatable levels by time:
     D:1: 1010 daAuts
     D:2: 47 daAuts
